 Dungeon Crawl Stone Soup version 0.16.1-4-g8e1b745 (webtiles) character file.

534 miro the Skirmisher (level 7, -1/45 HPs)
             Began as a Gargoyle Fighter on Mar 26, 2015.
             Killed by divine providence
             ... invoked by an orc priest
              (14 damage)
             ... on level 4 of the Dungeon.
             The game lasted 00:08:00 (2881 turns).

miro the Skirmisher (Gargoyle Fighter)              Turns: 2881, Time: 00:08:00

Health: -1/45      AC: 17    Str: 24    XL:     7   Next: 25%
Magic:  7/7        EV:  9    Int:  8    God:
Gold:   223        SH: 10    Dex: 10    Spells: 0 memorised, 6 levels left

rFire  + . .     SeeInvis .     B - +2 falchion (protect)
rCold  . . .     Clarity  .     b - +0 scale mail
rNeg   + . .     SustAb   .     c - +0 shield
rPois  ∞         Gourm    .     (no helmet)
rElec  +         Spirit   .     (no cloak)
rCorr  .         Warding  .     (no gloves)
rMut   .         Stasis   .     (no boots)
MR     .....                    (no amulet)
Stlth  ..........               w - +3 ring of strength
                                o - ring of protection from fire

@: not resistant to hostile enchantments, extremely unstealthy
A: negative energy resistance 1, electricity resistance, unbreathing,
petrification resistance, rot immunity, AC +4
a: no special abilities


You were on level 4 of the Dungeon.
You were not hungry.

You visited 1 branch of the dungeon, and saw 4 of its levels.

You collected 223 gold pieces.

Inventory:

Hand weapons
 a - a +0 flail
 p - a +3 long sword
 B - a +2 falchion of protection (weapon)
Armour
 b - a +0 scale mail (worn)
 c - a +0 shield (worn)
Jewellery
 o - a ring of protection from fire (left hand)
 t - an uncursed ring of positive energy
 w - a +3 ring of strength (right hand)
Scrolls
 h - 2 scrolls of recharging {unknown}
 j - 3 scrolls of teleportation {unknown}
 l - a scroll of enchant weapon {unknown}
 m - 3 scrolls of remove curse
 q - a scroll of fear {unknown}
 y - a scroll of enchant armour {unknown}
 z - a scroll of magic mapping {unknown}
 G - a scroll of identify
Potions
 e - 3 potions of might
 f - 2 potions of cure mutation
 g - a potion of flight
 i - a potion of agility {unknown}
 n - 2 potions of curing {unknown}
 r - a potion of heal wounds {unknown}
 u - a potion of beneficial mutation {unknown}
 v - a potion of brilliance {unknown}
 x - 2 potions of restore abilities {unknown}
 A - a potion of poison {unknown}
 C - a potion of ambrosia {unknown}
 D - a potion of magic {unknown}
 E - a potion of haste {unknown}
Comestibles
 d - 2 bread rations
 k - 5 fruits
 s - 3 meat rations
 F - 2 chunks of flesh


   Skills:
 * Level 5.8 Fighting
 - Level 2.0 Maces & Flails
 + Level 5.0 Armour
 + Level 2.7 Dodging
 + Level 4.8 Shields


You had 6 spell levels left.
You didn't know any spells.

Dungeon Overview and Level Annotations

Branches:
Dungeon (4/15)
 Temple: D:4-7

Altars:
Ashenzari
Cheibriados
Jiyva

Annotations:
D:4 Natasha


Innate Abilities, Weirdness & Mutations

You are resistant to torment.
You are immune to poison.
Your stone body is very resilient (AC +4).
You resist negative energy.
You are resistant to electric shocks.
You can survive without breathing.
You are immune to petrification.
You are immune to rotting.


Message History

You block the orc's attack.
The orc priest hits you but does no damage.
You hit the orc priest.
The orc priest is almost dead.
The orc closely misses you. The orc barely misses you.
You block the orc priest's attack. You block the orc's attack.
You block the orc's attack.
Your shield prevents you from hitting the orc priest.
The orc priest is almost dead.
The orc priest calls down the wrath of Beogh upon you.
Pain shoots through your body!
* * * LOW HITPOINT WARNING * * *
The orc hits you but does no damage. x2
You block the orc priest's attack.
You completely miss the orc priest.
The orc priest is almost dead.
The orc barely misses you. You block the orc's attack.
The orc priest mumbles some strange prayers to Beogh against you.
Something smites you!
You die...

......##.....(....
#...............##
#####...###...)....##
.........# #.#'##...###
.......... #....##.....
.........# #....##.....
.........####...........
..............#...##.....
......oo@.....'..........
.......o......#..........
.............####.......
...................#....
...................#....
......##..............#
..).. #..............#
.... .....#.........# .
.....#.........#


You could see an orc priest and 2 orcs.

Vanquished Creatures
  Grinder (D:3)
  A jelly (D:4)
  A giant frog skeleton (D:4)
  A hound (D:4)
  Natasha (twice) (D:4)
  2 iguanas (D:4)
  An orc wizard (D:4)
  A worker ant (D:4)
  4 adders
  A giant mite (D:2)
  A shadow imp (D:4)
  A white imp (D:4)
  A worm (D:2)
  An adder skeleton (D:4)
  3 oozes (D:4)
  3 orcs (D:4)
  7 goblins
  4 hobgoblins
  2 jackals (D:1)
  A quokka (D:3)
  7 bats
  3 giant cockroaches
  5 giant newts
  11 kobolds
  4 rats
69 creatures vanquished.

Notes
Turn   | Place    | Note
--------------------------------------------------------------
     0 | D:1      | miro, the Gargoyle Fighter, began the quest for the Orb.
     0 | D:1      | Reached XP level 1. HP: 14/14 MP: 1/1
   160 | D:1      | Reached XP level 2. HP: 17/19 MP: 2/2
   898 | D:2      | Reached XP level 3. HP: 22/24 MP: 3/3
   950 | D:2      | Reached skill level 4 in Fighting
   950 | D:2      | Reached skill level 1 in Dodging
  1365 | D:3      | Found a shattered altar of Ashenzari.
  1459 | D:3      | Reached XP level 4. HP: 29/29 MP: 4/4
  1506 | D:3      | Found a snail-covered altar of Cheibriados.
  1880 | D:3      | Noticed Grinder
  1887 | D:3      | Paralysed by Grinder for 3 turns
  1905 | D:3      | Paralysed by Grinder for 6 turns
  1931 | D:3      | Killed Grinder
  1931 | D:3      | Reached skill level 5 in Fighting
  1931 | D:3      | Reached XP level 5. HP: 22/35 MP: 5/5
  1931 | D:3      | Reached XP level 6. HP: 25/40 MP: 6/6
  2424 | D:4      | Noticed Natasha
  2432 | D:4      | Killed Natasha
  2565 | D:4      | Found a viscous altar of Jiyva.
  2610 | D:4      | Reached XP level 7. HP: 41/45 MP: 7/7
  2812 | D:4      | Noticed Natasha
  2817 | D:4      | Killed Natasha
  2817 | D:4      | Reached skill level 5 in Armour
  2849 | D:4      | Noticed Natasha
  2881 | D:4      | Killed from afar by an orc priest

Action                   |  1- 3 |  4- 6 |  7- 9 || total
-------------------------+-------+-------+-------++-------
Melee: Flail             |    71 |       |       ||    71
       Long sword        |    37 |       |       ||    37
       Falchion          |     3 |   122 |    58 ||   183
  Use: Scroll            |     3 |       |       ||     3
  Eat: Chunk             |     2 |     3 |     2 ||     7
